[Event "FIDE Women World Blitz 2021"]
[Site "Warsaw"]
[Date "2021.12.29"]
[Round "5.14"]
[White "Efroimski, Marsel"]
[Black "Dzagnidze, Nana"]
[Result "1-0"]
[ECO "B51"]
[WhiteElo "2419"]
[BlackElo "2524"]
[Annotator "ChessBase"]
[PlyCount "131"]
[EventDate "2021.12.29"]
[EventType "swiss"]
[EventCountry "POL"]
[Tiebreak "Cut1 Buchholz"]
[SourceTitle "playchess.com"]
[Source "ChessBase"]
[SourceQuality "1"]
[TimeControl "180+2"]

1. e4 c5 2. Nf3 d6 3. Bb5+ Nd7 4. d4 cxd4 5. Qxd4 a6 6. Be2 Ngf6 7. O-O e6 8. c4 Be7 9. Nc3 O-O 10. h3 Qc7 11. Be3 b6 12. Rac1 Bb7 13.
b4 Rac8 14. a3 Qb8 15. Nd2 Qa8 16. Qd3 Ne5 17. Qb1 d5 18. Na4 Ned7 19. cxd5 exd5 20. Nxb6 Nxb6 21. Bxb6 dxe4 22. Nc4 Nd5 23.
Be3 Nxe3 24. Nxe3 Bf6 25. Rxc8 Rxc8 26. Rc1 g6 27. Rxc8+ Qxc8 28. Qc2 Qd7 29. Qd1 Qe6 30. Bc4 Qe7 31. Bd5 Bg5 32. Bxb7 Qxb7 33. Qd5 Qxd5 34. Nxd5 Bd8 35. a4 f5 36. b5 axb5 37. axb5 Ba5 38. b6 Bxb6 39. Nxb6 Kf7 40. Kf1 Ke6 41. Ke2 f4 42. Nc4 Kd5 43. Nd2 Kd4 44. Nb3+ Kc4 45. Na5+ Kd5 46. Nb3 g5 47. Nd2 Kd4 48. Nf1 h5 49. g3 Ke5 50. Nd2 Kd4 51. Nb3+ Kc4 52. Na5+ Kd5 53. Nb3 Kc4 54. Nd2+ Kd4 55. Nf1 Ke5 56. h4 gxh4 57. gxh4 Kf5 58. Nh2 Ke5 59. Nf1 Kf5 60. Nd2 Ke5 61. f3 e3 62. Ne4 Kf5 63. Nc5 Ke5 64. Nd3+ Kf5 65.
Kf1 Kf6 66. Nxf4 1-0

[Event "FIDE Women World Blitz 2021"]
[Site "Warsaw"]
[Date "2021.12.29"]
[Round "5.15"]
[White "Babiy, Olga"]
[Black "Injac, Teodora"]
[Result "1-0"]
[ECO "D02"]
[WhiteElo "2179"]
[BlackElo "2387"]
[Annotator "NA"]
[PlyCount "151"]
[EventDate "2021.12.29"]
[EventType "swiss"]
[EventCountry "POL"]
[Tiebreak "Cut1 Buchholz"]
[SourceTitle "playchess.com"]
[Source "ChessBase"]
[SourceQuality "1"]
[TimeControl "180+2"]

1. d4 Nf6 2. Nf3 g6 3. Nbd2 d5 4. e3 Bg7 5. b4 a5 6. b5 c5 7. bxc6 Nxc6 8. a4 O-O 9. Ba3 Re8 10. Bb5 Bf5 11. c3 Rc8 12. O-O Ne4 13.
Nxe4 Bxe4 14. Nd2 Bf5 15. Qb3 e5 16. Rac1 h5 17. h3 h4 18.
Rfd1 g5 19. dxe5 Be6 20. Nf3 g4 21. hxg4 Bxg4 22. Rxd5 Qc7 23. Bd6 Qd7 24. Nxh4 Be6 25. c4 Qd8 26. Nf3 Nxe5 27. Bxe5 Bxd5 28. Bxe8 Bxf3 29. gxf3 Bxe5 30. Bb5 Qh4 31. f4 Qg4+ 32. Kf1 Bf6 33.
Qd1 Qh3+ 34. Ke2 Rd8 35. Qg1+ Kf8 36. Rd1 Qh5+ 37. f3 Rxd1 38. Qxd1 Qh2+ 39. Kd3 Qb2 40. Qc2 Qa1 41. Ke4 Qa3 42. c5 Qb4+ 43. Qc4 Qb1+ 44. Qd3 Qb4+ 45. Qc4 Qb1+ 46. Kd5 Qf5+ 47. Kd6 Qc8 48. Qe4 Qd8+ 49. Bd7 Qb8+ 50. Kd5 Qd8 51. c6 bxc6+ 52. Kxc6 Qa8+ 53. Kb5 Qa7 54. Bc6 Be7 55. Qd5 Qxe3 56. Kxa5 Qe1+ 57. Kb5 Qb1+ 58. Ka6 Qb8 59. a5 Qxf4 60. Kb7 Qb4+ 61. Qb5 Qd6 62. a6 Bd8 63. a7 Qc7+ 64. Ka6 Qc8+ 65. Bb7 Qe6+ 66. Bc6 Qc8+ 67. Bb7 Qe6+ 68. Bc6 Qc8+ 69. Qb7 Qf5 70. Qb4+ Be7 71. Qb8+ Kg7 72. a8=Q Qh7 73. Qb2+ Bf6 74. Qb3 Qf5 75. Qab8 Qh3 76. Q8b4 1-0

[Event "FIDE Women World Blitz 2021"]
[Site "Warsaw"]
[Date "2021.12.29"]
[Round "5.16"]
[White "Danielian, Elina"]
[Black "Pavlidou, Ekaterini"]
[Result "1/2-1/2"]
[ECO "A45"]
[WhiteElo "2450"]
[BlackElo "2177"]
[Annotator "ChessBase"]
[PlyCount "138"]
[EventDate "2021.12.29"]
[EventType "swiss"]
[EventCountry "POL"]
[Tiebreak "Cut1 Buchholz"]
[SourceTitle "playchess.com"]
[Source "ChessBase"]
[SourceQuality "1"]
[TimeControl "180+2"]

1. d4 Nf6 2. Bg5 Ne4 3. Bf4 c5 4. f3 Nf6 5. dxc5 Qa5+ 6. Nc3 e6 7. a3 Qxc5 8. e4 Be7 9. Qd2 O-O 10. Bd3 d5 11. Nge2 dxe4 12. Nxe4 Nxe4 13. Bxe4 Rd8 14. Qc3 Qxc3+ 15. Nxc3 f5 16. Bd3 Nc6 17. O-O-O e5 18.
Bc4+ Kh8 19. Rxd8+ Bxd8 20. Bg3 a6 21. Rd1 Bg5+ 22. Kb1 Bf6 23.
Nd5 f4 24. Bf2 Bf5 25. Nxf6 gxf6 26. g3 fxg3 27. hxg3 Rd8 28. Rxd8+ Nxd8 29. b4 Kg7 30. Kb2 Be6 31. Bd3 f5 32. c4 Kf6 33. Kc3 Nf7 34. c5 Bd5 35.
Be2 Ng5 36. g4 Bxf3 37. Bxf3 Nxf3 38. gxf5 Kxf5 39. a4 h5 40. b5 axb5 41. axb5 h4 42. c6 bxc6 43. b6 h3 44. b7 h2 45. b8=Q h1=Q 46. Qc8+ Kf4 47. Qf8+ Kg4 48. Qg7+ Kf5 49. Qf7+ Kg4 50. Qe6+ Kf4 51. Qf6+ Ke4 52. Qxc6+ Kf5 53. Qd7+ Kg6 54. Qe8+ Kf5 55. Qf7+ Ke4 56. Qg6+ Kd5 57. Qf7+ Kc6 58. Qe6+ Kb7 59. Qd7+ Kb8 60. Qd8+ Kb7 61. Qd7+ Kb8 62. Qa7+ Kc8 63. Qa8+ Kd7 64. Qd5+ Kc8 65. Qc6+ Kb8 66. Qd6+ Kc8 67. Qc6+ Kb8 68. Qe8+ Kb7 69. Qd7+ Kb8 1/2-1/2

[Event "FIDE Women World Blitz 2021"]
[Site "Warsaw"]
[Date "2021.12.29"]
[Round "5.17"]
[White "Antolak, Julia"]
[Black "Garifullina, Leya"]
[Result "1-0"]
[ECO "B20"]
[WhiteElo "2334"]
[BlackElo "2416"]
[Annotator "NA"]
[PlyCount "93"]
[EventDate "2021.12.29"]
[EventType "swiss"]
[EventCountry "POL"]
[Tiebreak "Cut1 Buchholz"]
[SourceTitle "playchess.com"]
[Source "ChessBase"]
[SourceQuality "1"]
[TimeControl "180+2"]

1. e4 c5 2. Ne2 d6 3. g3 g6 4. Bg2 Bg7 5. O-O Nc6 6. c3 e5 7. h3 Nge7 8. d3 O-O 9. Be3 Be6 10. Nd2 Qd7 11. Kh2 f5 12. exf5 Nxf5 13. Ne4 h6 14. Qd2 b6 15. g4 Nxe3 16. fxe3 d5 17. N4g3 Rxf1 18. Rxf1 Rf8 19. Rxf8+ Bxf8 20. d4 cxd4 21. exd4 e4 22. Nf4 Bf7 23. Kg1 Na5 24. b3 Nc6 25. Nfe2 Kg7 26. Qe3 Be7 27. c4 Bg5 28. Qc3 e3 29. Nf1 Bf6 30. Nxe3 dxc4 31. Bxc6 Qxc6 32. bxc4 Qf3 33. Nf5+ gxf5 34. Qxf3 Bxc4 35. gxf5 b5 36. d5 Kf7 37. Nf4 Bd4+ 38. Kg2 Be5 39. Qe4 Bxf4 40. Qxf4 Bxd5+ 41. Kg3 Bxa2 42. Qc7+ Kf6 43. Qxa7 Bc4 44. Qc5 Kg5 45. h4+ Kf6 46. Kf4 Kf7 47. Ke5 1-0

[Event "FIDE Women World Blitz 2021"]
[Site "Warsaw"]
[Date "2021.12.29"]
[Round "5.18"]
[White "Dylag, Emilia"]
[Black "Efimenko, Maria"]
[Result "0-1"]
[ECO "E60"]
[WhiteElo "1863"]
[BlackElo "2207"]
[Annotator "NA"]
[PlyCount "52"]
[EventDate "2021.12.29"]
[EventType "swiss"]
[EventCountry "POL"]
[Tiebreak "Cut1 Buchholz"]
[SourceTitle "playchess.com"]
[Source "ChessBase"]
[SourceQuality "1"]
[TimeControl "180+2"]

1. d4 d6 2. Nf3 g6 3. c4 Nf6 4. g3 Bf5 5. Bg2 c6 6. O-O Bg7 7. Nc3 Ne4 8.
Nd2 Nxc3 9. bxc3 O-O 10. e4 Be6 11. Rb1 Qc8 12. f4 c5 13. e5 Nc6 14. d5 Bg4 15. Qa4 Nd8 16. Re1 b6 17. Qc2 Nb7 18. Qd3 Qc7 19. h3 Bf5 20. Be4 Bxh3 21. Nf3 dxe5 22. fxe5 f5 23. d6 fxe4 24. Qd5+ e6 25. Qxe4 Qf7 26. Be3 Qxf3 0-1

[Event "FIDE Women World Blitz 2021"]
[Site "Warsaw"]
[Date "2021.12.29"]
[Round "5.19"]
[White "Lagno, Kateryna"]
[Black "Balajayeva, Khanim"]
[Result "1/2-1/2"]
[ECO "C56"]
[WhiteElo "2550"]
[BlackElo "2369"]
[Annotator "ChessBase"]
[PlyCount "298"]
[EventDate "2021.12.29"]
[EventType "swiss"]
[EventCountry "POL"]
[Tiebreak "Cut1 Buchholz"]
[SourceTitle "playchess.com"]
[Source "ChessBase"]
[SourceQuality "1"]
[TimeControl "180+2"]

1. e4 e5 2. Nf3 Nc6 3. Bc4 Nf6 4. d4 exd4 5. e5 d5 6. Bb5 Nd7 7. O-O Bc5 8. Bxc6 bxc6 9. Nxd4 Nb8 10. Be3 Qe7 11. Nxc6 Nxc6 12. Qxd5 Qe6 13. Qxc5 Ne7 14. Qxc7 O-O 15. Qd6 Nf5 16. Qxe6 Bxe6 17. Bc5 Rfc8 18. b4 a5 19. c3 axb4 20. cxb4 Bxa2 21. Nc3 Bc4 22. Rfd1 Rab8 23. Ra7 h6 24. f3 Re8 25. f4 g5 26. g3 gxf4 27. gxf4 Re6 28. Kf2 Rg6 29. Ne4 Kg7 30. Nf6 Nh4 31. Rg1 Rxg1 32. Kxg1 Kg6 33. Kf2 Kf5 34. Kg3 Ng6 35. Ra3 Rd8 36. Rc3 Ba6 37. Be3 Rd1 38. Rc7 Rd3 39. Kf2 Nxf4 40. Bxf4 Kxf4 41. Rxf7 Rd2+ 42. Ke1 Re2+ 43. Kd1 Rxe5 44. Nd7+ Rf5 45. Rxf5+ Kxf5 46. Nc5 Bb5 47. Ke1 Ke5 48. Kf2 Kd4 49. Ne6+ Kc4 50. Kg3 Kxb4 51. Kh4 Be2 52. Nf4 Bd1 53. Nd5+ Kc5 54. Ne3 Be2 55. Nf5 h5 56. Ng3 Bf3 57. Nxh5 Kd6 58. Kg5 Ke7 59. Ng3 Kf8 60. Kh6 Kg8 61. h4 Bd1 62. Nf5 Be2 63. Ne7+ Kh8 64. Ng6+ Kg8 65. Nf4 Bd1 66. Kg5 Kg7 67. Ne6+ Kh8 68. Kh6 Be2 69. Nf4 Bd1 70. Nd5 Be2 71. Ne7 Bd1 72. Ng6+ Kg8 73. Ne5 Be2 74. Kg5 Kh8 75. Nd7 Bd1 76. Nf6 Be2 77. Ne4 Bd1 78. Nc3 Bf3 79. Kf4 Bh5 80. Ne4 Bd1 81. Ng3 Kg7 82. Ke3 Kh6 83. Kd2 Bg4 84. Kc3 Bf3 85. Kd4 Bd1 86. Ke3 Bg4 87.
Kd2 Bf3 88. Ke3 Bd1 89. Kf4 Kh7 90. Ne4 Kg7 91. Nc3 Bh5 92.
Ke3 Kh6 93. Nd5 Bd1 94. Nf4 Bg4 95. Kd2 Bf3 96. Ke1 Bg4 97.
Kf2 Bd1 98. Ke3 Bg4 99. Kd4 Bd1 100. Ke5 Kg7 101. Kf5 Bf3 102. Kg5 Bd1 103. Ne6+ Kh7 104. Nd4 Kg7 105. Nf5+ Kh7 106. Ng3 Kg7 107. Nf1 Kh7 108. Ne3 Be2 109. Nd5 Kg7 110. Nf6 Bd1 111. Ne4 Kh7 112. Ng3 Kg7 113. Nf5+ Kh7 114. Kf4 Kg6 115. Ne3 Be2 116. Kg3 Kg7 117. Kf2 Bh5 118. Nd5 Kh6 119. Nf4 Bd1 120. Ke1 Bg4 121. Kd2 Bf3 122. Ke3 Bd1 123. Ke4 Bg4 124. Ke5 Kg7 125. Ng2 Kh6 126. Kf4 Bd1 127. Ne3 Be2 128. Nf5+ Kg6 129. Ng3 Bd1 130. Nf1 Kh6 131. Ne3 Be2 132. Nf5+ Kg6 133. Ne7+ Kh6 134. Nd5 Kg6 135. Kg3 Bd1 136. Nc3 Bh5 137. Ne4 Bd1 138. Nf2 Be2 139. Nh3 Bd1 140. Nf4+ Kh6 141. Kf2 Bg4 142. Ng2 Bd1 143. Ne3 Bh5 144. Nf5+ Kg6 145. Ng3 Bd1 146. Ke1 Bg4 147. Kd2 Kh6 148. Ke3 Bd1 149. Kf4 Kg6 1/2-1/2

[Event "FIDE Women World Blitz 2021"]
[Site "Warsaw"]
[Date "2021.12.29"]
[Round "5.21"]
[White "Michna, Marta"]
[Black "Fernandez, Maria Florencia"]
[Result "1-0"]
[ECO "A48"]
[WhiteElo "2312"]
[BlackElo "2184"]
[Annotator "NA"]
[PlyCount "237"]
[EventDate "2021.12.29"]
[EventType "swiss"]
[EventCountry "POL"]
[Tiebreak "Cut1 Buchholz"]
[SourceTitle "playchess.com"]
[Source "ChessBase"]
[SourceQuality "1"]
[TimeControl "180+2"]

1. d4 Nf6 2. c3 g6 3. Nf3 Bg7 4. Bf4 O-O 5. h3 d6 6. Nbd2 Nc6 7. e4 Nd7 8. Be2 e5 9. dxe5 dxe5 10. Be3 h6 11. Nc4 f5 12. O-O f4 13.
Bc1 Qe7 14. b4 a6 15. a4 Rd8 16. Qc2 Qf6 17. Rd1 Re8 18. Ba3 g5 19. b5 Ne7 20. b6 Nxb6 21. Ncxe5 Be6 22. a5 Nbc8 23. Bc4 Bxc4 24. Nxc4 Nc6 25. e5 Qe6 26. Qe4 N8e7 27. Rab1 Rab8 28. Bxe7 Rxe7 29. Qd5 Qxd5 30. Rxd5 Na7 31. Nd4 c6 32. Rd6 Nb5 33. Nf5 Ree8 34. Rg6 Kf7 35. Rxg7+ Ke6 36. Nd4+ Kd5 37. Nxb5 axb5 38. Nb6+ Ke4 39. Re1+ Kd3 40. e6 Kxc3 41. Rc1+ Kb4 42. a6 bxa6 43. Rxc6 a5 44. Rd7 a4 45. Rd4+ Ka5 46. Nd7 Rbc8 47. Rxc8 Rxc8 48. e7 Re8 49. Re4 a3
50. Nc5 a2 51. Nb3+ Kb6 52. Kf1 Kc6 53. Ke2 Kd5 54.
f3 Kd6 55. Kd3 Rxe7 56. Rd4+ Kc6 57. Kc2 Re1 58. Kb2 Rb1+ 59. Kxa2 Rg1 60. Rd2 b4 61. Nd4+ Kb6 62. Kb3 Rb1+ 63. Kc4 Ka5 64. Ra2+ Kb6 65. Nb3 Rg1 66. Kxb4 Kc6 67. Rc2+ Kd5 68. Kc3 Re1 69. Rd2+ Ke5 70. Kc2 h5 71. Nc1 Kf5 72. Rd5+ Kg6 73. Rd6+ Kg7 74. Rd4 Kf6 75. Rd2 g4 76. hxg4 hxg4 77. Nd3 Ra1 78. Nxf4 Kf5 79. Nd3 gxf3 80. gxf3 Rf1 81. f4 Ra1 82. Kc3 Ra3+ 83. Kd4 Ra4+ 84. Ke3 Re4+ 85. Kf3 Ra4 86. Re2 Ra3 87. Re5+ Kf6 88. Ke3 Ra1 89. Rb5 Rh1 90. Ke4 Rd1 91. Rb6+ Ke7 92. Ne5 Ra1 93. Kf5 Ra5 94. Rb7+ Ke8 95. Rh7 Kf8 96. Kg5 Kg8 97. Rb7 Rc5 98. Kf6 Rc8 99. f5 Rf8+ 100. Kg5 Re8 101. Ng6 Re1 102. Kf6 Re6+ 103. Kg5 Ra6 104. Ne7+ Kf7 105. Nd5+ Kf8 106. Nc7 Rc6 107.
Ne6+ Kg8 108. Rb8+ Kh7 109. Kf6 Ra6 110. Rb7+ Kh8 111. Kf7 Kh7 112. f6 Ra8 113. Ke7 Kg6 114. f7 Rc8 115. f8=Q Rc4 116. Qf6+ Kh5 117. Rb5+ Kg4 118. Rg5+ Kh4 119. Qh6# 1-0

[Event "FIDE Women World Blitz 2021"]
[Site "Warsaw"]
[Date "2021.12.29"]
[Round "5.22"]
[White "Bodnaruk, Anastasia"]
[Black "Sandu, Mihaela"]
[Result "1-0"]
[ECO "B20"]
[WhiteElo "2396"]
[BlackElo "2244"]
[Annotator "NA"]
[PlyCount "76"]
[EventDate "2021.12.29"]
[EventType "swiss"]
[EventCountry "POL"]
[Tiebreak "Cut1 Buchholz"]
[SourceTitle "playchess.com"]
[Source "ChessBase"]
[SourceQuality "1"]
[TimeControl "180+2"]

1. e4 c5 2. b3 Nc6 3. Bb2 d6 4. Bb5 Bd7 5. f4 a6 6. Bxc6 Bxc6 7. Nc3 e6 8.
Nf3 Nf6 9. Qe2 Be7 10. d4 cxd4 11. Nxd4 O-O 12. O-O-O Qc7 13. g4 d5 14. e5 Ne4 15. Nxe4 dxe4 16. Kb1 b5 17. f5 Bd5 18. Rhf1 Bc5 19. f6 g6 20. h4 Rfd8 21. h5 Qxe5 22. Nf5 Qc7 23. Nh6+ Kf8 24. hxg6 hxg6 25. Rh1 Ke8 26. g5 e3 27. Rh3 Rac8 28. Ng4 Be4 29. Rh8+ Bf8 30. Rxd8+ Rxd8 31. Ba3 Rd2 32. Rxf8+ Kd7 33. Rxf7+ Kd8 34. Rxc7 Rxe2 35. f7 Re1+ 36. Kb2 Rf1 37. Nxe3 Rf2 38. Re7 Bf5 1-0

[Event "FIDE Women World Blitz 2021"]
[Site "Warsaw"]
[Date "2021.12.29"]
[Round "5.23"]
[White "Mammadova, Gulnar"]
[Black "Sliwicka, Alicja"]
[Result "1-0"]
[ECO "B52"]
[WhiteElo "2395"]
[BlackElo "2303"]
[Annotator "NA"]
[PlyCount "93"]
[EventDate "2021.12.29"]
[EventType "swiss"]
[EventCountry "POL"]
[Tiebreak "Cut1 Buchholz"]
[SourceTitle "playchess.com"]
[Source "ChessBase"]
[SourceQuality "1"]
[TimeControl "180+2"]

1. e4 c5 2. Nf3 d6 3. Bb5+ Bd7 4. c4 Bxb5 5. cxb5 Nf6 6. Nc3 a6 7. Qe2 g6 8. O-O Bg7 9. a4 axb5 10. Nxb5 Nc6 11. d3 O-O 12. Bd2 e6 13.
Rfc1 Na5 14. Qd1 d5 15. b4 dxe4 16. dxe4 Nc6 17. e5 Nd5 18. Bg5 Qb8 19. bxc5 Nxe5 20. Ra3 h6 21. Bh4 Nxf3+ 22. Rxf3 Qe5 23. Bg3 Qe4 24. Nd6 Qxa4 25. Qxa4 Rxa4 26. Nxb7 Rc8 27. h4 e5 28. Rxf7 Ra7 29. Nd6 Rxf7 30. Nxc8 Rc7 31. Nd6 Kf8 32. c6 Ke7 33. Nb5 Rc8 34. f3 Nb4 35. c7 Nd5 36. Rc5 Ke6 37. Rc6+ Ke7 38.
Rxg6 Bf6 39. Rxh6 Ke6 40. h5 Kf5 41. Nd6+ Kg5 42. Rxf6 Rxc7 43. Rf5+ Kh6 44. Bxe5 Rc1+ 45. Kh2 Ne3 46. Bf4+ Kh7 47. Bxe3 1-0

[Event "FIDE Women World Blitz 2021"]
[Site "Warsaw"]
[Date "2021.12.29"]
[Round "5.24"]
[White "Maltsevskaya, Aleksandra"]
[Black "Kovanova, Baira"]
[Result "1-0"]
[ECO "C78"]
[WhiteElo "2411"]
[BlackElo "2331"]
[Annotator "NA"]
[PlyCount "63"]
[EventDate "2021.12.29"]
[EventType "swiss"]
[EventCountry "POL"]
[Tiebreak "Cut1 Buchholz"]
[SourceTitle "playchess.com"]
[Source "ChessBase"]
[SourceQuality "1"]
[TimeControl "180+2"]

1. e4 e5 2. Nf3 Nc6 3. Bb5 a6 4. Ba4 Nf6 5. Nc3 Bd6 6. O-O O-O 7. d3 b5 8. Bb3 Na5 9. Bg5 h6 10. Bh4 Nxb3 11. axb3 Bb7 12. Qd2 Be7 13. Nxe5 Nxe4 14. dxe4 Bxh4 15. Nxd7 Re8 16. Rfd1 b4 17. Nd5 Rxe4 18. Nc5 Bxd5 19. Nxe4 Bxe4 20. Qf4 Qf6 21. Qxe4 Qxf2+ 22. Kh1 Rf8 23. Rf1 Qc5 24. Qxh4 a5 25. Qc4 Qe5 26. Rae1 Qxb2 27. h3 Qa2 28. Re7 a4 29. Rexf7 Rxf7 30. Qxf7+ Kh8 31. Qe8+ Kh7 32. Qe4+ 1-0

[Event "FIDE Women World Blitz 2021"]
[Site "Warsaw"]
[Date "2021.12.29"]
[Round "5.25"]
[White "Bivol, Alina"]
[Black "Cyfka, Karina"]
[Result "1-0"]
[ECO "C89"]
[WhiteElo "2377"]
[BlackElo "2416"]
[Annotator "NA"]
[PlyCount "139"]
[EventDate "2021.12.29"]
[EventType "swiss"]
[EventCountry "POL"]
[Tiebreak "Cut1 Buchholz"]
[SourceTitle "playchess.com"]
[Source "ChessBase"]
[SourceQuality "1"]
[TimeControl "180+2"]

1. e4 e5 2. Nf3 Nc6 3. Bb5 a6 4. Ba4 Nf6 5. O-O Be7 6. d3 b5 7. Bb3 O-O 8. c3 d5 9. exd5 Nxd5 10. Re1 Bg4 11. h3 Bh5 12. g4 Bg6 13.
Nxe5 Nxe5 14. Rxe5 c6 15. Bxd5 cxd5 16. Qf3 Bd6 17. Rxd5 Qc7 18. Be3 Rad8 19. Nd2 Bh2+ 20. Kh1 Bxd3 21. Rxd8 Rxd8 22. Bd4 Bg6 23. Re1 Bd6 24. Ne4 Bf8 25. Ng3 f6 26. Nf5 Bf7 27. Ne3 Re8 28.
Rd1 a5 29. b3 Bg6 30. Nf5 Bf7 31. Ne3 a4 32. bxa4 bxa4 33. Rb1 Bxa2 34. Rb7 Qd8 35. Ra7 a3 36. Kg1 Be6 37. Nf5 Bxf5 38. Qxf5 Qb8 39. Qd5+ Kh8 40. Kg2 Qc8 41. g5 fxg5 42. Qxg5 Qc6+ 43. f3 Qg6 44. Qxg6 hxg6 45. c4 Rc8 46. c5 Kg8 47. Rxa3 Kf7 48. Rc3 Ke6 49. Kg3 Kd5 50. Bg1 Kc6 51. Kg4 Be7 52. Re3 Bf6 53. f4 Rh8 54. Kg3 Rd8 55. Re6+ Kd5 56. Ra6 Rc8 57. Kg4 Rh8 58. Bf2 Rc8 59. Bh4 Bxh4 60. Kxh4 Rh8+ 61. Kg4 Rh6 62. c6 Kd6 63.
Ra7 Kxc6 64. Rxg7 Kd5 65. Re7 Kd6 66. Re3 Kd5 67. Kg5 Rh8 68.
Kxg6 Rg8+ 69. Kf7 Rg2 70. f5 1-0

[Event "FIDE Women World Blitz 2021"]
[Site "Warsaw"]
[Date "2021.12.29"]
[Round "5.26"]
[White "Zawadzka, Jolanta"]
[Black "Muetsch, Annmarie"]
[Result "0-1"]
[ECO "B07"]
[WhiteElo "2429"]
[BlackElo "2279"]
[Annotator "NA"]
[PlyCount "124"]
[EventDate "2021.12.29"]
[EventType "swiss"]
[EventCountry "POL"]
[Tiebreak "Cut1 Buchholz"]
[SourceTitle "playchess.com"]
[Source "ChessBase"]
[SourceQuality "1"]
[TimeControl "180+2"]

1. e4 d6 2. d4 Nf6 3. Nc3 e5 4. dxe5 dxe5 5. Qxd8+ Kxd8 6. Bc4 Ke8 7. Nf3 Bd6 8. Bg5 Nbd7 9. O-O-O h6 10. Bh4 a6 11. a4 g5 12. Bg3 Ke7 13.
h3 Nh5 14. Bh2 Nf4 15. Bxf4 gxf4 16. Nd5+ Kf8 17. Nh4 Nc5 18. Nb6 Rb8 19. Nxc8 Rxc8 20. Nf5 Nxe4 21. Rhe1 Ng5 22. Bd5 b5 23. Bb7 Rb8 24. Bxa6 bxa4 25. Nxd6 cxd6 26. Rxd6 Ke7 27. Rc6 f6 28. Bc4 Rhc8 29. Rxc8 Rxc8 30. Bb5 Ra8 31. Rd1 Ra7 32. Rd5 Ne4 33. f3 Nd6 34. Bd3 a3 35. bxa3 Rxa3 36. Kd2 Ra1 37. Ke2 Rg1 38. Kf2 Rc1 39. Rc5 Ke6 40. Rc6 Kd5 41. Rc7 f5 42. c4+ Kd4 43. Be2 e4 44. fxe4 fxe4 45. g3 fxg3+ 46. Kxg3 Nf5+ 47. Kf4 Nh4 48. Rd7+ Kc5 49. Rd5+ Kc6 50. Kxe4 Re1 51. Kd3 Ng2 52. Rf5 Kd6 53. Kd2 Ra1 54. Rf6+ Ke5 55. Rxh6 Ra2+ 56. Kd1 Ne3+ 57. Ke1 Kd4 58. Rh4+ Ke5 59. c5 Ng2+ 60. Kf2 Nxh4 61. Kg3 Nf5+ 62. Kf2 Nd4 0-1

[Event "FIDE Women World Blitz 2021"]
[Site "Warsaw"]
[Date "2021.12.29"]
[Round "5.27"]
[White "Gaboyan, Susanna"]
[Black "Padmini, Rout"]
[Result "1-0"]
[ECO "A08"]
[WhiteElo "2253"]
[BlackElo "2353"]
[Annotator "NA"]
[PlyCount "133"]
[EventDate "2021.12.29"]
[EventType "swiss"]
[EventCountry "POL"]
[Tiebreak "Cut1 Buchholz"]
[SourceTitle "playchess.com"]
[Source "ChessBase"]
[SourceQuality "1"]
[TimeControl "180+2"]

1. Nf3 Nf6 2. g3 g6 3. Bg2 Bg7 4. O-O O-O 5. d3 d5 6. Nbd2 c5 7. e4 Nc6 8. h3 e5 9. exd5 Nxd5 10. Re1 Re8 11. Nc4 b6 12. Ng5 f6 13.
Ne4 Re6 14. Qf3 Ndb4 15. Ne3 Rb8 16. a3 Nd4 17. Qd1 Na6 18.
c3 Nc6 19. Nd5 Kh8 20. c4 Nd4 21. Be3 Nc7 22. Nec3 Ne8 23. Bxd4 cxd4 24. Ne4 Nc7 25. Nd2 Bb7 26. Nxc7 Qxc7 27. Ne4 h6 28. Rc1 f5 29. Nd2 Rbe8 30. b4 Bxg2 31. Kxg2 e4 32. c5 e3 33. Nf3 f4 34. g4 g5 35. Qc2 Qc6 36. cxb6 Qxb6 37. Qc5 Qa6 38. Nxd4 Re5 39. Qc4 Qxa3 40. Nf3 R5e7 41. Re2 Qa4 42. b5 Qa5 43. Nd4 Qb6 44. Nf5 Rd7 45. Qc6 Qxc6+ 46. bxc6 Rxd3 47. c7 Rc8 48. Ne7 Rxc7 49. Rxc7 exf2 50. Nf5 f3+ 51. Kxf2 fxe2 52. Kxe2 Rxh3 53. Rxg7 Rh2+ 54. Kf3 h5 55. Rxg5 hxg4+ 56. Rxg4 Ra2 57. Ke4 Ra4+ 58. Nd4 Kh7 59. Kf5 Kh6 60. Kf6 Ra6+ 61. Ne6 Kh5 62. Rd4 Rc6 63. Kf5 a5 64. Rd8 Kh4 65. Kf4 Rc4+ 66.
Nd4 a4 67. Rh8# 1-0

[Event "FIDE Women World Blitz 2021"]
[Site "Warsaw"]
[Date "2021.12.29"]
[Round "5.28"]
[White "Loskutova, Viktoriya"]
[Black "Majdan, Joanna"]
[Result "0-1"]
[ECO "B43"]
[WhiteElo "2195"]
[BlackElo "2325"]
[Annotator "NA"]
[PlyCount "130"]
[EventDate "2021.12.29"]
[EventType "swiss"]
[EventCountry "POL"]
[Tiebreak "Cut1 Buchholz"]
[SourceTitle "playchess.com"]
[Source "ChessBase"]
[SourceQuality "1"]
[TimeControl "180+2"]

1. e4 c5 2. Nf3 e6 3. d4 cxd4 4. Nxd4 Nf6 5. Nc3 a6 6. Be3 Qc7 7. g4 Bb4 8. Nde2 Nxe4 9. Qd4 Nxc3 10. Nxc3 Bf8 11. O-O-O Nc6 12. Qd2 d5 13. Bg2 Bb4 14. a3 Be7 15. f4 Na5 16. Qd3 Nc4 17. Kb1 Nxe3 18.
Qxe3 O-O 19. g5 Bc5 20. Qf3 Bd7 21. h4 Rac8 22. Na2 Bd6 23.
Qe2 Bb5 24. Qf2 Bxf4 25. Bf3 Bc4 26. Nb4 a5 27. Nd3 Bxd3 28.
Rxd3 Qc5 29. Qg2 b5 30. h5 b4 31. a4 Qc6 32. Qg4 Be5 33. Bd1 Qxa4 34. Re1 Bd6 35. g6 f5 36. Qg5 h6 37. Qe3 Rce8 38. Qb6 Qd7 39. Rde3 e5 40. Rd3 d4 41. Qxa5 Qc6 42. Qa2+ Kh8 43. Qb3 Ra8 44. Kc1 Ra1+ 45. Kd2 e4 46. Rxd4 Bf4+ 47. Ke2 Qb5+ 48. Qc4 Qxc4+ 49. Rxc4 Bg3 50. Rg1 Be5 51. Rxb4 Rd8 52. Rb7 Bf4 53. Re1 Rd2+ 54. Kf1 Raxd1 55. Rxd1 Rxd1+ 56. Ke2 Rd2+ 57. Ke1 Rxc2 58.
Rf7 Rc8 59. Rxf5 Bg5 60. b4 e3 61. Re5 Kg8 62. b5 Kf8 63.
Ke2 Rc2+ 64. Kf3 Rf2+ 65. Kg3 Bf4+ 0-1

[Event "FIDE Women World Blitz 2021"]
[Site "Warsaw"]
[Date "2021.12.29"]
[Round "5.29"]
[White "Kulon, Klaudia"]
[Black "Doluhanova, Evgeniya"]
[Result "1-0"]
[ECO "A22"]
[WhiteElo "2328"]
[BlackElo "2237"]
[Annotator "NA"]
[PlyCount "49"]
[EventDate "2021.12.29"]
[EventType "swiss"]
[EventCountry "POL"]
[Tiebreak "Cut1 Buchholz"]
[SourceTitle "playchess.com"]
[Source "ChessBase"]
[SourceQuality "1"]
[TimeControl "180+2"]

1. c4 Nf6 2. g3 e5 3. Bg2 d5 4. cxd5 Nxd5 5. Nc3 Nxc3 6. bxc3 Bd6 7. e3 O-O 8. d4 exd4 9. exd4 c5 10. d5 Qf6 11. Ne2 b6 12. O-O Ba6 13.
Re1 Nd7 14. Qa4 Bxe2 15. Rxe2 Qxc3 16. Bb2 Qd3 17. Rae1 Rad8 18. Qxa7 Qf5 19. Qa4 Nf6 20. Qc6 h6 21. a4 Bb8 22. Qxb6 Nxd5 23. Qxc5 Qd7 24. Rd2 Qc7 25. Rxd5 1-0

[Event "FIDE Women World Blitz 2021"]
[Site "Warsaw"]
[Date "2021.12.29"]
[Round "5.30"]
[White "Zairbek kyzy, Begimai"]
[Black "Mamedjarova, Turkan"]
[Result "0-1"]
[ECO "C58"]
[WhiteElo "1701"]
[BlackElo "2264"]
[Annotator "NA"]
[PlyCount "72"]
[EventDate "2021.12.29"]
[EventType "swiss"]
[EventCountry "POL"]
[Tiebreak "Cut1 Buchholz"]
[SourceTitle "playchess.com"]
[Source "ChessBase"]
[SourceQuality "1"]
[TimeControl "180+2"]

1. e4 e5 2. Nf3 Nc6 3. Bc4 Nf6 4. Ng5 d5 5. exd5 Na5 6.
Bb5+ c6 7. dxc6 bxc6 8. Bd3 Bc5 9. O-O O-O 10. Nc3 Bg4 11.
Qe1 Qe7 12. a3 Nb7 13. b4 Bd6 14. f3 Bh5 15. Qh4 h6 16. Nh3 Bg6 17. Bxg6 fxg6 18. Qc4+ Kh8 19. Qxc6 a5 20. b5 Rfc8 21. Nd5 Qf7 22. Nxf6 Rxc6 23. bxc6 Nc5 24. Ng4 Qc7 25. Nhf2 Qxc6 26. Ne4 Nxe4 27. fxe4 Qxc2 28. Re1 Bc5+ 29. Kh1 Rf8 30. Nxe5 Kh7 31. d4 Bxd4 32. Be3 Bxa1 33. Rxa1 Qxe4 34. Nd7 Rd8 35. Bb6 Rxd7 36. Bxa5 Qe5 0-1